 Dungeon Crawl Stone Soup version 0.28.0-43-g3370ac3207 (webtiles) character file.

Game seed: 4748292428628966411

389 Ablot the Grasshopper (level 6, -3/51 HPs)
             Began as a Gnoll Warper on Mar 11, 2022.
             Was an Initiate of Okawaru.
             Slain by an ogre
             ... wielding a +0 giant club
              (19 damage)
             ... on level 5 of the Dungeon.
             The game lasted 00:05:18 (5869 turns).

Ablot the Grasshopper (Gnoll Warper)                Turns: 5869, Time: 00:05:19

Health: -3/51      AC:  5    Str: 12    XL:     6   Next: 79%
Magic:  14/14      EV: 12    Int: 17    God:    Okawaru [......]
Gold:   255        SH:  0    Dex:  6    Spells: 13/15 levels left

rFire   + . .      SeeInvis .   w - +8 long sword of Inconvenience {elec, rElec}
rCold   . . .      Faith    .   (no shield)
rNeg    + . .      Spirit   .   b - +0 leather armour
rPois   .          Reflect  .   s - +1 helmet
rElec   +          Harm     .   (no cloak)
rCorr   .          Rampage  .   (no gloves)
Will    +....                   (no boots)
Stlth   +.........              (no amulet)
HPRegen 0.17/turn               u - ring of Vucowk {rElec rF+ rN+ Int+4 Dex-5}
MPRegen 0.14/turn               m - ring of willpower

@: no status effects
A: fangs 1, strong nose, distributed training
a: Renounce Religion


You were on level 5 of the Dungeon.
You worshipped Okawaru.
Okawaru was noncommittal.
You visited 2 branches of the dungeon, and saw 6 of its levels.

You collected 255 gold pieces.

Inventory:

Hand Weapons
 a - a +0 spear
 p - a +2 dagger of venom
 q - a +0 hunting sling
 w - the +8 long sword of Inconvenience (weapon) {elec, rElec}
   (You found it on level 4 of the Dungeon)

   It occasionally discharges a powerful burst of electricity upon striking a
   foe.
   rElec:     It insulates you from electricity.
Missiles
 d - 5 boomerangs of dispersal (quivered)
 g - 136 stones
 o - 51 sling bullets
 y - 18 bolts
Armour
 b - a +0 leather armour (worn)
 s - a +1 helmet (worn)
 x - a +0 scale mail of willpower
Jewellery
 k - a ring of resist corrosion
 m - a ring of willpower (right hand)
 u - the ring of Vucowk (left hand) {rElec rF+ rN+ Int+4 Dex-5}
   (You found it on level 4 of the Dungeon)

   [ring of positive energy]

   Int:       It affects your intelligence (+4).
   Dex:       It affects your dexterity (-5).
   rF:        It protects you from fire.
   rElec:     It insulates you from electricity.
   rN:        It protects you from negative energy.
Scrolls
 c - 2 scrolls of blinking
 e - a scroll of fog {unknown}
 f - 5 scrolls of teleportation {unknown}
 j - a scroll of enchant armour {unknown}
 n - 4 scrolls of identify {unknown}
 r - a scroll of noise {unknown}
 v - a scroll of holy word {unknown}
 B - a scroll of magic mapping {unknown}
Potions
 h - a potion of attraction {unknown}
 i - a potion of curing {unknown}
 l - a potion of berserk rage {unknown}
 t - 2 potions of ambrosia {unknown}
 z - a potion of degeneration {unknown}
 A - a potion of magic {unknown}


   Skills:
 + Level 5.0 Fighting
 + Level 2.1 Short Blades
 + Level 2.1 Long Blades
 + Level 2.1 Axes
 + Level 2.1 Maces & Flails
 + Level 5.0 Polearms
 + Level 2.1 Staves
 + Level 2.1 Slings
 + Level 2.1 Bows
 + Level 2.1 Crossbows
 + Level 3.3 Throwing
 + Level 3.3 Armour
 + Level 5.0 Dodging
 + Level 2.1 Stealth
 + Level 2.1 Shields
 + Level 2.1 Unarmed Combat
 + Level 5.4 Spellcasting
 + Level 1.6 Conjurations
 + Level 1.6 Hexes
 + Level 1.6 Summonings
 + Level 1.6 Necromancy
 + Level 5.7 Translocations
 + Level 1.6 Transmutations
 + Level 1.6 Fire Magic
 + Level 1.6 Ice Magic
 + Level 1.6 Air Magic
 + Level 1.6 Earth Magic
 + Level 1.6 Poison Magic
 + Level 2.3 Invocations
 + Level 2.1 Evocations


You had 13 spell levels left.
You knew the following spells:

 Your Spells              Type           Power      Damage    Failure   Level
a - Blink                 Tloc           48%        N/A       2%          2

Your spell library contained the following spells:

 Spells                   Type           Power      Damage    Failure   Level
 Gell's Gravitas          Tloc           24%        N/A       4%          3
 Lesser Beckoning         Tloc           24%        N/A       4%          3
 Teleport Other           Tloc           24%        N/A       4%          3
 Manifold Assault         Tloc           24%        N/A       41%         5


Dungeon Overview and Level Annotations

Branches:
Dungeon (5/15)             Temple (1/1) D:5

Altars:
Ashenzari
Cheibriados
Dithmenos
Elyvilon
Fedhas
Gozag
Hepliaklqana
Kikubaaqudgha
Nemelex Xobeh
Okawaru
Qazlal
Ru
Sif Muna
Trog
Uskayaw
Vehumet
Wu Jian
Xom
Yredelemnul
Zin
The Shining One


Innate Abilities, Weirdness & Mutations

You have very sharp teeth.
Your uncanny sense of smell can sniff out nearby items.
Your experience applies equally to all skills.


Message History

Found a sacrificial altar of Ru.
There is an open gate here.
There is an open gate here.
Done exploring.
Done exploring.
There is an open gate here.
There is an open gate here.
There is an iron altar of Okawaru here.
You kneel at the altar of Okawaru.
Okawaru welcomes you!
There is an open gate here.
There is a staircase back to the Dungeon here.
You climb upwards.
Welcome back to the Dungeon!
There is a staircase to the Ecumenical Temple here.
Found a long sword.
You now have 255 gold pieces (gained 13).
B - a scroll labelled ZOEXUDE FORUTT
f - 5 scrolls labelled BIOT WOOQONYSA (gained 1)
An ogre comes into view. It is wielding a +0 giant club.
The ogre shouts!
The ogre barely misses you.
You slash the ogre!
The ogre is heavily wounded.
The ogre closely misses you.
You completely miss the ogre.
The ogre is heavily wounded.
The ogre hits you with a +0 giant club!!
You hit the ogre.
The ogre is heavily wounded.
The ogre misses you.
You hit the ogre.
The ogre is heavily wounded.
The ogre hits you with a +0 giant club!
You are too injured to fight recklessly!
You are too injured to fight recklessly!
You are too injured to fight recklessly!
You hit the ogre.
The ogre is heavily wounded.
The ogre hits you with a +0 giant club!!
You die...

## ...#.. ..#
##......## ....
##..#..... #....
....#.... ......
#..#...# #......
#.....###O.....#
#..#....@......#
##............##
##.............#
#.....##.......##
#..#...###.......#
...
##..####....... .
##..## #......
#...###......
#....#..###


You could see an ogre.

Vanquished Creatures
  An ogre (D:5)
  A bullfrog (D:4)
  2 hounds
  An iguana (D:5)
  Robin (D:3)
  3 gnolls (D:4)
  4 adders
  A worm (D:4)
  A dart slug (D:1)
  4 orcs
  7 endoplasms (D:1)
  A giant cockroach (D:2)
  16 goblins
  8 hobgoblins
  5 jackals
  3 quokkas
  6 ball pythons
  4 bats
  2 jackal skeletons (D:4)
  4 kobolds
  3 rats
78 creatures vanquished.

Notes
Turn   | Place    | Note
-------+----------+-------------------------------------------
     0 | D:1      | Ablot the Gnoll Warper began the quest for the Orb.
     0 | D:1      | Reached XP level 1. HP: 20/20 MP: 6/6
   111 | D:1      | Reached XP level 2. HP: 26/26 MP: 7/7
   761 | D:1      | Learned a level 2 spell: Blink
   884 | D:1      | Reached XP level 3. HP: 28/31 MP: 9/9
   969 | D:1      | Reached skill level 5 in Spellcasting
  1297 | D:2      | Found a faded altar of an unknown god.
  2236 | D:3      | Reached skill level 1 in Invocations
  2456 | D:3      | Reached skill level 1 in Short Blades
  2456 | D:3      | Reached skill level 1 in Long Blades
  2456 | D:3      | Reached skill level 1 in Axes
  2456 | D:3      | Reached skill level 1 in Maces & Flails
  2456 | D:3      | Reached skill level 1 in Staves
  2456 | D:3      | Reached skill level 1 in Slings
  2456 | D:3      | Reached skill level 1 in Bows
  2456 | D:3      | Reached skill level 1 in Crossbows
  2456 | D:3      | Reached skill level 1 in Stealth
  2456 | D:3      | Reached skill level 1 in Shields
  2456 | D:3      | Reached skill level 1 in Unarmed Combat
  2456 | D:3      | Reached skill level 1 in Evocations
  2476 | D:3      | Found a faded altar of an unknown god.
  2479 | D:3      | Found a basalt altar of Yredelemnul.
  2605 | D:3      | Reached XP level 4. HP: 38/38 MP: 11/11
  2720 | D:3      | Noticed Robin
  2735 | D:3      | Killed Robin
  3012 | D:3      | Reached skill level 1 in Conjurations
  3012 | D:3      | Reached skill level 1 in Hexes
  3012 | D:3      | Reached skill level 1 in Summonings
  3012 | D:3      | Reached skill level 1 in Necromancy
  3012 | D:3      | Reached skill level 1 in Transmutations
  3012 | D:3      | Reached skill level 1 in Fire Magic
  3012 | D:3      | Reached skill level 1 in Ice Magic
  3012 | D:3      | Reached skill level 1 in Air Magic
  3012 | D:3      | Reached skill level 1 in Earth Magic
  3012 | D:3      | Reached skill level 1 in Poison Magic
  3453 | D:4      | Reached XP level 5. HP: 13/43 MP: 12/12
  4157 | D:4      | Reached XP level 6. HP: 44/50 MP: 13/13
  4166 | D:4      | Identified the ring of Vucowk {rElec rF+ rN+ Int+4 Dex-5}
  4341 | D:4      | Identified the +8 long sword of Inconvenience {elec, rElec}
  4800 | D:5      | Entered Level 5 of the Dungeon
  4831 | D:5      | Reached skill level 5 in Fighting
  4831 | D:5      | Reached skill level 5 in Polearms
  4831 | D:5      | Reached skill level 5 in Dodging
  5305 | D:5      | Found a staircase to the Ecumenical Temple.
  5333 | Temple   | Entered the Ecumenical Temple
  5770 | Temple   | Became a worshipper of Warmaster Okawaru
  5869 | D:5      | Slain by an ogre

Illustrated notes

Levels and vault maps discovered:
D:1:      erik_arrival_blinker_ship, layout_loops_corners
D:2:      layout_basic, nicolae_ecumenical_lake_church
D:3:      layout_basic, nicolae_overflow_ecumenical_swirl, uniq_robin
D:4:      layout_basic, minmay_curled_crystal, due_unseen_surprise
D:5:      layout_layer_cave, minmay_temple_entry_trees
Temple:   mainiacjoe_temple_big_plus

Skill      XL: |  1  2  3  4  5  6 |
---------------+-------------------+-----
Spellcasting   | 5 |  5.4
Invocations    | 1 2 |  2.3
Short Blades   | 1 2 |  2.1
Long Blades    | 1 2 |  2.1
Axes           | 1 2 |  2.1
Maces & Flails | 1 2 |  2.1
Staves         | 1 2 |  2.1
Slings         | 1 2 |  2.1
Bows           | 1 2 |  2.1
Crossbows      | 1 2 |  2.1
Stealth        | 1 2 |  2.1
Shields        | 1 2 |  2.1
Unarmed Combat | 1 2 |  2.1
Evocations     | 1 2 |  2.1
Conjurations   | 1 |  1.6
Hexes          | 1 |  1.6
Summonings     | 1 |  1.6
Necromancy     | 1 |  1.6
Transmutations | 1 |  1.6
Fire Magic     | 1 |  1.6
Ice Magic      | 1 |  1.6
Air Magic      | 1 |  1.6
Earth Magic    | 1 |  1.6
Poison Magic   | 1 |  1.6
Throwing       | 3 |  3.3
Armour         | 3 |  3.3
Fighting       | 5 |  5.0
Polearms       | 5 |  5.0
Dodging        | 5 |  5.0
Translocations | |  5.7

Action                   |  1- 3 |  4- 6 || total
-------------------------+-------+-------++-------
Melee: Spear             |   108 |     2 ||   110
       Bite              |     5 |    11 ||    16
       Dagger            |    29 |    94 ||   123
       Punch             |     3 |       ||     3
       Long sword        |       |    30 ||    30
 Stab: Sleeping          |     4 |     1 ||     5
Armor: Leather armour    |    21 |    16 ||    37
Dodge: Dodged            |    77 |    72 ||   149
